 Dungeon Crawl Stone Soup version 0.23.0-3-gf3c87f2 (webtiles) character file.

Game seed: 2725454637034882620

123 Fernandocris the Ruffian (level 5, -4/43 (47) HPs)
             Began as a Ghoul Monk on Feb 24, 2019.
             Slain by a scorpion (7 damage)
             ... on level 4 of the Dungeon.
             The game lasted 00:04:25 (2508 turns).

Fernandocris the Ruffian (Ghoul Monk)               Turns: 2508, Time: 00:04:26

HP:   -4/43 (47)    AC:  2    Str: 15    XL:     5   Next: 7%
MP:   4/4           EV: 13    Int:  5    God:
Gold: 105           SH:  0    Dex: 12    Spells: 4/4 levels left

rFire    . . .     SeeInvis .     - Unarmed
rCold    + . .     Gourm    .   (no shield)
rNeg     + + +     Faith    .   a - +0 robe
rPois    ∞         Spirit   .   (no helmet)
rElec    .         Reflect  .   (no cloak)
rCorr    .         Harm     .   (no gloves)
MR       .....                  (no boots)
Stlth    ++........             (no amulet)
HPRegen  0.00/turn              (no ring)
MPRegen  0.09/turn              (no ring)

@: rotting
A: rotting body, claws 1, carnivore, cold resistance 1, negative energy
resistance 3, inhibited regeneration, torment resistance, unbreathing
a: no special abilities


You were on level 4 of the Dungeon.
You were very hungry.

You visited 1 branch of the dungeon, and saw 4 of its levels.

You collected 105 gold pieces.

Inventory:

Armour
 a - a +0 robe (worn)
 l - a +0 chain mail
Jewellery
 f - an uncursed ring of protection from cold {unknown}
Scrolls
 c - 4 scrolls of identify {unknown}
 d - 2 scrolls of remove curse {unknown}
 e - a scroll of magic mapping {unknown}
 i - 3 scrolls of teleportation {unknown}
 k - a scroll of fog {unknown}
Potions
 h - 2 potions of curing {unknown}
 j - a potion of cancellation {unknown}
Comestibles
 b - 6 rations


   Skills:
 + Level 4.4 Fighting
 - Level 2.6 Dodging
 - Level 2.1 Stealth
 * Level 5.3 Unarmed Combat


You had 4 spell levels left.
You didn't know any spells.
Your spell library was empty.

Dungeon Overview and Level Annotations

Branches:
Dungeon (4/15)
 Temple: D:4-7

Altars:
Uskayaw
Zin


Innate Abilities, Weirdness & Mutations

Your body is rotting away.
You thrive on raw meat.
You are immune to poison.
You have sharp fingernails.
You are carnivorous and can eat meat at any time.
Your flesh is cold resistant. (rC+)
You are immune to negative energy. (rN+++)
You do not regenerate when monsters are visible.
You are immune to unholy pain and torment.
You can survive without breathing.


Message History

You start resting.
A gnoll comes into view. It is wielding a +0 halberd.
A gnoll comes into view. It is wielding a +0 halberd.
The gnoll shouts!
You hear a shout!
A gnoll comes into view. It is wielding a +0 club.
The gnoll hits you from afar with a +0 halberd!
* * * LOW HITPOINT WARNING * * *
A howler monkey comes into view.
Found 2 scrolls labeled UPAROI TES VEK.
c - 4 scrolls labeled UPAROI TES VEK (gained 2)
There are no items here.
You are feeling very hungry.
A scorpion comes into view.
The scorpion stings you.
* * * LOW HITPOINT WARNING * * *
You barely miss the scorpion. The scorpion barely misses you.
As you read the scroll labeled EXUCKI DAWN, it crumbles to dust.
It is a scroll of amnesia.
You feel forgetful for a moment. The scorpion stings you!
You die...

#.#########.####
#g# ##.#.## #.#
####.###.##
#.####......##.##.
#.....g...........
######.###........
######.# ##.#####$
#..g...# ## .
#@###### #s# #.#
#.# #.# #.# #.#
#.#


You could see a scorpion and a gnoll.

Vanquished Creatures
  4 adders
  2 oozes (D:3)
  A worm (D:2)
  3 dart slugs
  A leopard gecko (D:2)
  3 giant cockroaches
  3 goblins
  9 hobgoblins
  7 jackals
  6 kobolds
  2 quokkas (D:2)
  7 bats
  12 frilled lizards
  8 rats
68 creatures vanquished.

Notes
Turn   | Place    | Note
-------+----------+-------------------------------------------
     0 | D:1      | Fernandocris the Ghoul Monk began the quest for the Orb.
     0 | D:1      | Reached XP level 1. HP: 19/19 MP: 0/0
   140 | D:1      | Reached XP level 2. HP: 25/25 MP: 1/1
   176 | D:1      | Reached skill level 4 in Unarmed Combat
   220 | D:1      | Reached XP level 3. HP: 18/33 MP: 2/2
  1099 | D:2      | Reached XP level 4. HP: 23/37 MP: 3/3
  1395 | D:2      | Reached skill level 5 in Unarmed Combat
  1874 | D:3      | Found a glowing silver altar of Zin.
  1939 | D:3      | Reached XP level 5. HP: 38/44 MP: 4/4
  2055 | D:3      | Found a hide-covered altar of Uskayaw.
  2057 | D:3      | Noticed a +0 dagger
  2057 | D:3      | Noticed a +0 dagger
  2508 | D:4      | Slain by a scorpion

Skill      XL: |  1  2  3  4 |
---------------+-------------+-----
Unarmed Combat | 4 5 |  5.3
Fighting       | 4 |  4.4
Dodging        | |  2.6
Stealth        | |  2.1

Action                   |  1- 3 |  4- 6 || total
-------------------------+-------+-------++-------
Melee: Unarmed           |   114 |    77 ||   191
       Punch             |       |     2 ||     2
  Use: Scroll            |       |     1 ||     1
 Stab: Sleeping          |     3 |     4 ||     7
  Eat: Chunk             |     3 |     2 ||     5
Armor: Robe              |    12 |     7 ||    19
Dodge: Dodged            |    60 |    44 ||   104
